TOP OF THE 1ST |
New York Yankees batting - Pitching for Toronto Blue Jays : RHP Hoof Harted
|
Pitching: RHP Hoof Harted
|
|
Batting: RHB Russ Shambaugh
|
0-0: Called Strike 0-1: Ball 1-1: Called Strike 1-2: Strikes out swinging
|
Batting: RHB Jeckel Hester
|
0-0: Ball 1-0: Fly out, F6 (Popup, P, EV 86.9 MPH)
|
Batting: SHB Bartholomeu Chambino
|
0-0: Ball 1-0: Ball 2-0: SINGLE (Groundball, 4S, EV 68.8 MPH) (infield hit)
|
Batting: SHB Gus Berry
|
0-0: Ball 1-0: Ball 2-0: Called Strike 2-1: Foul Ball, location: 2F 2-2: Fly out, F8 (Flyball, 8RS, EV 81.9 MPH)
|
Top of the 1st over - 0 runs, 1 hit, 0 errors, 1 left on base; New York 0 - Toronto 0 |
BOTTOM OF THE 1ST |
Toronto Blue Jays batting - Pitching for New York Yankees : LHP Zach Purvis
|
Pitching: LHP Zach Purvis
|
|
Batting: RHB Donny Burnside
|
0-0: Swinging Strike 0-1: Ball 1-1: Foul Ball, location: 2F 1-2: Ball 2-2: Foul Ball, location: 2F 2-2: Foul Ball, location: 2F 2-2: Strikes out swinging
|
Batting: RHB Steve Jordan
|
0-0: Called Strike 0-1: Ball 1-1: Foul Ball, location: 2F 1-2: Strikes out swinging
|
Batting: RHB Efrain Vargas
|
0-0: Ball 1-0: Ball 2-0: Ball 3-0: Ground out 4-3 (Groundball, 4, EV 103.1 MPH)
|
Bottom of the 1st over - 0 runs, 0 hits, 0 errors, 0 left on base; New York 0 - Toronto 0 |
TOP OF THE 2ND |
New York Yankees batting - Pitching for Toronto Blue Jays : RHP Hoof Harted
|
Batting: SHB Mukhtar Wa'il
|
0-0: Fly out, F9 (Flyball, 9, EV 90.0 MPH)
|
Batting: RHB Shiro Suehiro
|
0-0: Called Strike 0-1: Called Strike 0-2: Strikes out swinging
|
Batting: RHB Larry Martell
|
0-0: Called Strike 0-1: Foul Ball, location: 2F 0-2: Ball 1-2: Ground out 6-3 (Groundball, 56D, EV 105.0 MPH)
|
Top of the 2nd over - 0 runs, 0 hits, 0 errors, 0 left on base; New York 0 - Toronto 0 |
BOTTOM OF THE 2ND |
Toronto Blue Jays batting - Pitching for New York Yankees : LHP Zach Purvis
|
Batting: RHB C.J. Richerson
|
0-0: Called Strike 0-1: Ball 1-1: Ground out U3 (Groundball, 3L, EV 107.5 MPH)
|
Batting: RHB Danny Burnside
|
0-0: Foul Ball, location: 2F 0-1: Ball 1-1: Ground out 4-3 (Groundball, 4, EV 102.5 MPH)
|
Batting: RHB Brock Van Gilder
|
0-0: Ball 1-0: Ball 2-0: Ball 3-0: Called Strike 3-1: Foul Ball, location: 2F 3-2: Foul Ball, location: 2F 3-2: Strikes out swinging
|
Bottom of the 2nd over - 0 runs, 0 hits, 0 errors, 0 left on base; New York 0 - Toronto 0 |
TOP OF THE 3RD |
New York Yankees batting - Pitching for Toronto Blue Jays : RHP Hoof Harted
|
Batting: LHB Joel Vera
|
0-0: Ball 1-0: Foul Ball, location: 2F 1-1: Ball 2-1: Ball 3-1: Base on Balls
|
Batting: LHB Dan Morris
|
0-0: Ball 1-0: Called Strike 1-1: Ball 2-1: Foul Ball, location: 2F 2-2: Grounds into double play, 6-4-3 (Groundball, 6, EV 89.4 MPH)
|
Batting: RHB Russ Shambaugh
|
0-0: SINGLE (Groundball, 13S, EV 64.4 MPH) (infield hit)
|
Batting: RHB Jeckel Hester
|
0-0: Called Strike Russ Shambaugh is caught stealing 2nd base 2-4
|
Top of the 3rd over - 0 runs, 1 hit, 0 errors, 0 left on base; New York 0 - Toronto 0 |
BOTTOM OF THE 3RD |
Toronto Blue Jays batting - Pitching for New York Yankees : LHP Zach Purvis
|
Batting: RHB Ruben Velasco
|
0-0: Called Strike 0-1: Foul Ball, location: 2F 0-2: Strikes out swinging
|
Batting: SHB Dominik Hasek II
|
0-0: Ball 1-0: Called Strike 1-1: Fly out, F8 (Flyball, 8RD, EV 85.0 MPH)
|
Batting: RHB Mike Harkins
|
0-0: Called Strike 0-1: Ball 1-1: Foul Ball, location: 2F 1-2: Ball 2-2: Ball 3-2: Ground out 3-1 (Groundball, 34, EV 110.6 MPH)
|
Bottom of the 3rd over - 0 runs, 0 hits, 0 errors, 0 left on base; New York 0 - Toronto 0 |
TOP OF THE 4TH |
New York Yankees batting - Pitching for Toronto Blue Jays : RHP Hoof Harted
|
Batting: RHB Jeckel Hester
|
0-0: Ball 1-0: Called Strike 1-1: Ground out U3 (Groundball, 23, EV 78.1 MPH)
|
Batting: SHB Bartholomeu Chambino
|
0-0: Foul Ball, location: 2F 0-1: Swinging Strike 0-2: Ball 1-2: Strikes out swinging
|
Batting: SHB Gus Berry
|
0-0: Reached via error on a dropped throw from 1B, E1 (Groundball, 34S, EV 91.9 MPH)
|
Batting: SHB Mukhtar Wa'il
|
0-0: Ball 1-0: Called Strike 1-1: Swinging Strike 1-2: Ball 2-2: Fly out, F6 (Flyball, 6D, EV 86.9 MPH)
|
Top of the 4th over - 0 runs, 0 hits, 1 error, 1 left on base; New York 0 - Toronto 0 |
BOTTOM OF THE 4TH |
Toronto Blue Jays batting - Pitching for New York Yankees : LHP Zach Purvis
|
Batting: RHB Donny Burnside
|
0-0: Ball 1-0: Called Strike 1-1: Ball 2-1: Called Strike 2-2: Ball 3-2: Base on Balls
|
Batting: RHB Steve Jordan
|
0-0: Called Strike 0-1: Fly out, F8 (Flyball, 8LD, EV 104.4 MPH)
|
Batting: RHB Efrain Vargas
|
0-0: Called Strike Donny Burnside steals 2nd base 0-1: Ball 1-1: Called Strike 1-2: Ball 2-2: Foul Ball, location: 2F 2-2: SINGLE (Line Drive, 7S, EV 90.6 MPH) Donny Burnside to third Runner from 3rd tries for Home, SAFE, throw by LF to home
|
Batting: RHB C.J. Richerson
|
0-0: Swinging Strike 0-1: Foul Ball, location: 2F 0-2: Foul Ball, location: 2F 0-2: SINGLE (Groundball, 56D, EV 98.8 MPH) Efrain Vargas to second
|
Batting: RHB Danny Burnside
|
0-0: Ball 1-0: Called Strike 1-1: Called Strike 1-2: Ball 2-2: Grounds into double play, 6-4-3 (Groundball, 6, EV 90.6 MPH)
|
Bottom of the 4th over - 1 run, 2 hits, 0 errors, 1 left on base; New York 0 - Toronto 1 |
TOP OF THE 5TH |
New York Yankees batting - Pitching for Toronto Blue Jays : RHP Hoof Harted
|
Batting: RHB Shiro Suehiro
|
0-0: Ball 1-0: Called Strike 1-1: Ball 2-1: Ball 3-1: Ground out 6-3 (Groundball, 6, EV 86.2 MPH)
|
Batting: RHB Larry Martell
|
0-0: Ball 1-0: Fly out, F9 (Flyball, 9, EV 92.5 MPH)
|
Batting: LHB Joel Vera
|
0-0: Ball 1-0: Ball 2-0: Called Strike 2-1: Ground out 5-3 (Groundball, 5L, EV 88.1 MPH)
|
Top of the 5th over - 0 runs, 0 hits, 0 errors, 0 left on base; New York 0 - Toronto 1 |
BOTTOM OF THE 5TH |
Toronto Blue Jays batting - Pitching for New York Yankees : LHP Zach Purvis
|
Batting: RHB Brock Van Gilder
|
0-0: Ground out 4-3 (Groundball, 4, EV 86.9 MPH)
|
Batting: RHB Ruben Velasco
|
0-0: Ball 1-0: Called Strike 1-1: Fly out, F8 (Flyball, 78S, EV 76.2 MPH)
|
Batting: SHB Dominik Hasek II
|
0-0: Swinging Strike 0-1: Called Strike 0-2: Ball 1-2: Ball 2-2: Ball 3-2: Fly out, F9 (Flyball, 89S, EV 88.8 MPH)
|
Bottom of the 5th over - 0 runs, 0 hits, 0 errors, 0 left on base; New York 0 - Toronto 1 |
TOP OF THE 6TH |
New York Yankees batting - Pitching for Toronto Blue Jays : RHP Hoof Harted
|
Batting: LHB Dan Morris
|
0-0: Ball 1-0: Ball 2-0: Ball 3-0: Called Strike 3-1: Fly out, F7 (Flyball, 78M, EV 90.6 MPH)
|
Batting: RHB Russ Shambaugh
|
0-0: Ball 1-0: Ball 2-0: Foul Ball, location: 2F 2-1: Foul Ball, location: 2F 2-2: Fly out, F9 (Flyball, 9LMF, EV 91.2 MPH)
|
Batting: RHB Jeckel Hester
|
0-0: Ground out 4-3 (Groundball, 4, EV 80.6 MPH)
|
Top of the 6th over - 0 runs, 0 hits, 0 errors, 0 left on base; New York 0 - Toronto 1 |
BOTTOM OF THE 6TH |
Toronto Blue Jays batting - Pitching for New York Yankees : LHP Zach Purvis
|
Batting: RHB Mike Harkins
|
0-0: Swinging Strike 0-1: Ball 1-1: SOLO HOME RUN (Flyball, 7D, EV 96.9 MPH), Distance : 367 ft
|
Batting: RHB Donny Burnside
|
0-0: Called Strike 0-1: Ground out 5-3 (Groundball, 5S, EV 64.4 MPH)
|
Batting: RHB Steve Jordan
|
0-0: Swinging Strike 0-1: Swinging Strike 0-2: Ball 1-2: Foul Ball, location: 2F 1-2: Foul Ball, location: 2F 1-2: Foul Ball, location: 2F 1-2: Strikes out swinging
|
Batting: RHB Efrain Vargas
|
0-0: Foul Ball, location: 2F 0-1: Ground out 6-3 (Groundball, 6M, EV 79.4 MPH)
|
Bottom of the 6th over - 1 run, 1 hit, 0 errors, 0 left on base; New York 0 - Toronto 2 |
TOP OF THE 7TH |
New York Yankees batting - Pitching for Toronto Blue Jays : RHP Hoof Harted
|
Batting: SHB Bartholomeu Chambino
|
0-0: Ball 1-0: Ball 2-0: Ball 3-0: Fly out, F6 (Popup, 6MD, EV 54.4 MPH)
|
Batting: SHB Gus Berry
|
0-0: Ball 1-0: Fly out, F9 (Line Drive, 9S, EV 95.6 MPH)
|
Batting: SHB Mukhtar Wa'il
|
0-0: Swinging Strike 0-1: Hit by Pitch
|
Batting: RHB Shiro Suehiro
|
0-0: Ball 1-0: Swinging Strike 1-1: Ball 2-1: Ball 3-1: Base on Balls Mukhtar Wa'il to second
|
Batting: RHB Larry Martell
|
0-0: Foul Ball, location: 2F 0-1: Fly out, F9 (Flyball, 89M, EV 88.8 MPH)
|
Top of the 7th over - 0 runs, 0 hits, 0 errors, 2 left on base; New York 0 - Toronto 2 |
BOTTOM OF THE 7TH |
Toronto Blue Jays batting - Pitching for New York Yankees : LHP Zach Purvis
|
Batting: RHB C.J. Richerson
|
0-0: Foul Ball, location: 2F 0-1: Swinging Strike 0-2: Fly out, F4 (Popup, 4S, EV 65.0 MPH)
|
Batting: RHB Danny Burnside
|
0-0: Ball 1-0: Ball 2-0: Ball 3-0: Base on Balls
|
Batting: RHB Brock Van Gilder
|
0-0: Ball 1-0: Ball 2-0: Ball 3-0: Base on Balls Danny Burnside to second
|
Batting: RHB Ruben Velasco
|
0-0: Ball 1-0: Ball 2-0: Ball 3-0: Base on Balls Danny Burnside to third Brock Van Gilder to second
|
Pitching: RHP Tim Catalano
|
|
Batting: SHB Dominik Hasek II
|
0-0: Ball 1-0: Foul Ball, location: 2F 1-1: Ball 2-1: Ball 3-1: Base on Balls Danny Burnside scores Brock Van Gilder to third Ruben Velasco to second
|
Batting: RHB Mike Harkins
|
0-0: Ball 1-0: Fly out, F7 (Flyball, 7LS, EV 93.8 MPH)
|
Batting: RHB Donny Burnside
|
0-0: Ball 1-0: Ball 2-0: Ball 3-0: DOUBLE (Line Drive, 5D, EV 100.0 MPH) Brock Van Gilder scores Ruben Velasco scores Dominik Hasek II to third Runner from 3rd tries for Home, SAFE, no throw by LF
|
Batting: RHB Steve Jordan
|
0-0: Foul Ball, location: 2F 0-1: Ball 1-1: Foul Ball, location: 2F 1-2: Fly out, F8 (Flyball, 8RXD, EV 98.1 MPH)
|
Bottom of the 7th over - 4 runs, 1 hit, 0 errors, 1 left on base; New York 0 - Toronto 6 |
TOP OF THE 8TH |
New York Yankees batting - Pitching for Toronto Blue Jays : RHP Hoof Harted
|
Batting: LHB Joel Vera
|
0-0: Ball 1-0: Ball 2-0: Ball 3-0: Foul Ball, location: 2F 3-1: Base on Balls
|
Batting: LHB Dan Morris
|
0-0: Ball 1-0: Called Strike 1-1: Foul Ball, location: 2F 1-2: Foul Ball, location: 2F 1-2: Foul Ball, location: 2F 1-2: Ball 2-2: Hit by Pitch Joel Vera to second
|
Batting: RHB Russ Shambaugh
|
0-0: Swinging Strike 0-1: Ball 1-1: Ball 2-1: Foul Ball, location: 2F 2-2: Ball 3-2: Foul Ball, location: 2F 3-2: Foul Ball, location: 2F 3-2: Strikes out swinging
|
Batting: RHB Jeckel Hester
|
0-0: Called Strike 0-1: Ball 1-1: Swinging Strike 1-2: Foul Ball, location: 2F 1-2: SINGLE (Groundball, 6MD, EV 95.6 MPH) Joel Vera to third Dan Morris to second Runner from 3rd tries for Home, SAFE, throw by CF to home
|
Batting: SHB Bartholomeu Chambino
|
0-0: Ball 1-0: Ball 2-0: Called Strike 2-1: Swinging Strike 2-2: Strikes out swinging
|
Batting: SHB Gus Berry
|
0-0: Ball 1-0: Called Strike 1-1: Foul Ball, location: 5F, Error on foul ball, E5 1-2: Ball 2-2: Fly out, F8 (Line Drive, 8RD, EV 85.6 MPH)
|
Top of the 8th over - 1 run, 1 hit, 1 error, 2 left on base; New York 1 - Toronto 6 |
BOTTOM OF THE 8TH |
Toronto Blue Jays batting - Pitching for New York Yankees : RHP Tim Catalano
|
Batting: RHB Efrain Vargas
|
0-0: Foul Ball, location: 2F 0-1: Ball 1-1: Fly out, F8 (Flyball, 8RXD, EV 103.1 MPH)
|
Batting: RHB C.J. Richerson
|
0-0: Called Strike 0-1: Ball 1-1: Ball 2-1: Fly out, F9 (Flyball, 89S, EV 85.6 MPH)
|
Batting: RHB Danny Burnside
|
0-0: Called Strike 0-1: Ball 1-1: Ball 2-1: Foul Ball, location: 2F 2-2: Strikes out swinging
|
Bottom of the 8th over - 0 runs, 0 hits, 0 errors, 0 left on base; New York 1 - Toronto 6 |
TOP OF THE 9TH |
New York Yankees batting - Pitching for Toronto Blue Jays : RHP Hoof Harted
|
Pitching: RHP Justin Sedivy
|
|
Now at 2B: Nate Dean
|
|
Batting: SHB Mukhtar Wa'il
|
0-0: Called Strike 0-1: Ball 1-1: Swinging Strike 1-2: Ball 2-2: Foul Ball, location: 2F 2-2: Foul Ball, location: 2F 2-2: Foul Ball, location: 2F 2-2: Foul Ball, location: 2F 2-2: Strikes out looking
|
Batting: RHB Shiro Suehiro
|
0-0: Ball 1-0: Foul Ball, location: 2F 1-1: Foul Ball, location: 2F 1-2: Strikes out looking
|
Batting: RHB Larry Martell
|
0-0: Called Strike 0-1: Ball 1-1: Ball 2-1: SINGLE (Groundball, 4MD, EV 104.4 MPH)
|
Batting: LHB Joel Vera
|
0-0: Ball 1-0: Foul Ball, location: 2F 1-1: Swinging Strike 1-2: Strikes out swinging
|
Top of the 9th over - 0 runs, 1 hit, 0 errors, 1 left on base; New York 1 - Toronto 6 |
|